 Dungeon Crawl Stone Soup version 0.19-a0-994-g3c636f0 (webtiles) character file.

1745 4thArraOfDagon the Summoner (level 8, 0/57 HPs)
             Began as a Demigod Summoner on July 17, 2016.
             Slain by an orc warrior
             ... wielding a +0 scimitar
              (17 damage)
             ... on level 10 of the Dungeon.
             The game lasted 00:20:10 (2567 turns).

4thArraOfDagon the Summoner (Demigod Summoner)      Turns: 2567, Time: 00:20:11

Health: 0/57       AC:  5    Str: 11    XL:     8   Next: 48%
Magic:  11/20      EV: 12    Int: 23    God:
Gold:   22         SH:  0    Dex: 18    Spells: 4 memorised, 6 levels left

rFire  . . .     SeeInvis .     t - +2 dagger (venom)
rCold  . . .     Gourm    .     a - +0 robe
rNeg   . . .     Faith    .     (no shield)
rPois  .         Spirit   .     g - -1 helmet (curse)
rElec  .         Dismiss  .     (no cloak)
rCorr  .         Reflect  .     w - +1 pair of gloves
SustAt +         Harm     .     p - +1 pair of boots
MR     .....     Rnd*Tele +     (no amulet)
Stlth  ++........               (no ring)
                                q - ring of teleportation

@: not resistant to hostile enchantments, unstealthy
A: agile 1, deformed body, high mp 1, sustain attributes
a: no special abilities


You were on level 10 of the Dungeon.
You were not hungry.

You visited 1 branch of the dungeon, and saw 11 of its levels.
You also visited: Ossuary.

You collected 442 gold pieces.
You spent 420 gold pieces at shops.

Inventory:

Hand Weapons
 f - a +0 whip
 i - a +0 falchion
 m - a +0 flail
 t - a +2 dagger of venom (weapon)
Missiles
 x - 3 poisoned tomahawks (quivered)
Armour
 a - a +0 robe (worn)
 g - a cursed -1 helmet (worn)
 l - a +0 ring mail
 p - a +1 pair of boots (worn)
 v - a +2 buckler
 w - a +1 pair of gloves (worn)
Jewellery
 q - a ring of teleportation (left hand)
Wands
 s - a wand of random effects (11/48)
Scrolls
 e - 3 scrolls of enchant weapon
 h - 3 scrolls of teleportation
 k - 2 scrolls of remove curse
Potions
 d - 3 potions of curing
 j - a potion of degeneration
 o - a potion of resistance
 r - 3 potions of magic
 z - a potion of heal wounds {unknown}
 A - a potion of flight
 B - a potion of brilliance
Books
 b - a book of Callings

   Spells                             Type                      Level
   a - Summon Small Mammal            Summoning                    1
   b - Call Imp                       Summoning                    2
   c - Call Canine Familiar           Summoning                    3
   d - Summon Guardian Golem          Hexes/Summoning              3
   e - Summon Lightning Spire         Summoning/Air                4
   f - Summon Ice Beast               Ice/Summoning                4
 u - a book of Summonings

   Spells                             Type                      Level
   a - Recall                         Summoning/Translocation      3
   b - Aura of Abjuration             Summoning                    5
   c - Summon Demon                   Summoning                    5
   d - Summon Forest                  Summoning/Translocation      5
   e - Summon Mana Viper              Hexes/Summoning              5
   f - Shadow Creatures               Summoning                    6
Comestibles
 c - 5 bread rations
 n - a meat ration


   Skills:
 - Level 1.7 Dodging
 - Level 1.7 Stealth
 + Level 5.5 Spellcasting
 * Level 9.3 Summonings


You had 6 spell levels left.
You knew the following spells:

 Your Spells              Type           Power        Failure   Level  Hunger
a - Summon Small Mammal   Summ           ####         1%          1    None
b - Call Canine Familiar  Summ           #####...     1%          3    ##.....
c - Summon Lightning Spi  Summ/Air       ####....     14%         4    ####...
d - Summon Ice Beast      Ice/Summ       ####....     14%         4    ####...


Dungeon Overview and Level Annotations

Branches:
Dungeon (11/15)            Temple (0/1) D:7            Lair (0/6) D:8
    Orc: D:9-12

Shops:
D:10 !

Annotations:
D:9 Shenda's ghost, novice VSFi


Innate Abilities, Weirdness & Mutations

You have an increased reservoir of magic. (+10% MP)
Your attributes are resistant to harm.
You are agile. (Dex +2)
Armour fits poorly on your strangely shaped body.


Message History

* * * LOW HITPOINT WARNING * * *
Your wolf bites the orc warrior but does no damage.
Unknown command.
Your wolf bites the orc warrior but does no damage.
The orc wizard casts a cantrip, but nothing happens.
Your wolf closely misses the orc warrior.
Unknown command.
An efreet comes into view. It is wielding a scimitar of flaming.
Your lightning spire disappears in a puff of smoke!
Your wolf completely misses the orc warrior.
Okay, then.
Unknown command.
Enter note: lol You feel better.
The orc wizard gestures at you while chanting.
The puff of frost hits you!
* * * LOW HITPOINT WARNING * * *
Your wolf closely misses the orc warrior.
The orc warrior hits you with a scimitar!
You die...

......... ......
......... .....
......... #... .........
#.o# ######.. #..# #..
########..# #..
..........############..
.......@oh..............
§R......§....##########.
###########..# #.
####..# #.
......##########.
.................
.................
##########<..# #
.............### ###


You could see an efreet, an orc warrior, an orc wizard and a friendly wolf.

Vanquished Creatures
  A hill giant (D:10)
  A sky beast (D:5)
  A big kobold (D:10)
  A giant frog (D:6)
  A scorpion (D:5)
  A human zombie (Ossuary)
  An orc priest (D:5)
  A big kobold zombie (Ossuary)
  A mummy (Ossuary)
  An adder (D:3)
  A giant gecko (D:3)
  An orc (D:4)
  A hobgoblin (D:3)
  2 jackals
  3 bats
  2 giant newts
  A hobgoblin zombie (Ossuary)
21 creatures vanquished.

Vanquished Creatures (collateral kills)
  A two-headed ogre (D:8)
  A shadow (D:10)
  2 hippogriffs (D:9)
  A steam dragon (D:9)
  A water moccasin (D:10)
  2 orc warriors
  A centaur (D:8)
  A gnoll sergeant (D:7)
  2 giant frogs
  A wyvern zombie (D:10)
  2 wyvern skeletons
  7 killer bees
  A centaur zombie (Ossuary)
  2 crimson imps
  3 hounds
  A jelly (D:10)
  3 orc wizards
  2 orc priests
  An iguana (D:4)
  A big kobold zombie (Ossuary)
  A hound skeleton (D:9)
  A mummy (Ossuary)
  An adder (D:9)
  A dart slug (D:1)
  3 giant geckos
  18 orcs
  3 gnoll zombies (Ossuary)
  A goblin (D:2)
  A hobgoblin (D:1)
  4 jackals
  A quokka (D:6)
  3 goblin zombies (Ossuary)
  A hobgoblin zombie (Ossuary)
  4 kobolds (D:10)
  2 orc zombies (Ossuary)
  2 rats (D:3)
83 creatures vanquished.

Grand Total: 104 creatures vanquished

Notes
Turn   | Place    | Note
-------+----------+-------------------------------------------
     0 | D:1      | 4thArraOfDagon the Demigod Summoner began the quest for the Orb.
     0 | D:1      | Reached XP level 1. HP: 14/14 MP: 5/5
   179 | D:3      | Found a glowing silver altar of Zin.
   196 | D:3      | Reached XP level 2. HP: 15/20 MP: 2/7
   242 | D:3      | Reached skill level 4 in Summonings
   384 | D:4      | 4thArraOfDagon: https://www.youtube.com/watch?v=d_DwJrFhn54
   494 | D:3      | Found a snail-covered altar of Cheibriados.
   537 | D:3      | Reached XP level 3. HP: 23/26 MP: 5/9
   550 | D:3      | Learned a level 3 spell: Call Canine Familiar
   561 | D:5      | Entered Level 5 of the Dungeon
   613 | D:5      | Noticed a scorpion
   637 | D:5      | Killed a scorpion
   637 | D:5      | Reached XP level 4. HP: 23/33 MP: 6/10
   710 | D:5      | Noticed a sky beast
   720 | D:5      | Killed a sky beast
   720 | D:5      | Reached skill level 5 in Summonings
   720 | D:5      | Reached XP level 5. HP: 18/38 MP: 8/12
   727 | D:5      | Gained mutation: You have sharp toenails. [mutagenic meat]
   730 | D:5      | Gained mutation: Armour fits poorly on your strangely shaped body. [mutagenic meat]
   733 | D:5      | Gained mutation: You are agile. (Dex +2) [mutagenic meat]
   736 | D:5      | Lost mutation: You have sharp toenails. [mutagenic meat]
   927 | D:6      | Noticed an orc warrior
  1174 | D:6      | Learned a level 4 spell: Summon Lightning Spire
  1203 | D:6      | Killed an orc warrior
  1203 | D:6      | Reached skill level 6 in Summonings
  1203 | D:6      | Reached XP level 6. HP: 25/45 MP: 6/14
  1257 | D:6      | Found a sand-covered staircase.
  1302 | Ossuary  | Entered an ossuary
  1525 | D:6      | Learned a level 4 spell: Summon Ice Beast
  1639 | D:7      | Found a staircase to the Ecumenical Temple.
  1728 | D:8      | Found a staircase to the Lair.
  1844 | D:7      | lol
  1863 | D:7      | Reached skill level 7 in Summonings
  1863 | D:7      | Reached XP level 7. HP: 23/50 MP: 12/16
  2098 | D:8      | Noticed a two-headed ogre
  2104 | D:8      | Killed a two-headed ogre
  2178 | D:9      | Noticed a hippogriff
  2213 | D:9      | Killed a hippogriff
  2213 | D:9      | Reached skill level 8 in Summonings
  2231 | D:9      | Noticed a steam dragon
  2238 | D:9      | Killed a steam dragon
  2240 | D:9      | Noticed a hippogriff
  2245 | D:9      | Killed a hippogriff
  2245 | D:9      | Reached XP level 8. HP: 49/57 MP: 4/18
  2325 | D:9      | Noticed Shenda's ghost (novice VSFi)
  2337 | D:10     | Entered Level 10 of the Dungeon
  2341 | D:10     | Reached skill level 5 in Spellcasting
  2359 | D:10     | Found Vecureqehu's Distillery.
  2362 | D:10     | Bought a potion of magic for 112 gold pieces
  2362 | D:10     | Bought 2 potions of magic for 224 gold pieces
  2362 | D:10     | Bought a potion of flight for 42 gold pieces
  2362 | D:10     | Bought a potion of curing for 42 gold pieces
  2376 | D:10     | Noticed a hill giant
  2388 | D:10     | Killed a hill giant
  2388 | D:10     | Reached skill level 9 in Summonings
  2566 | D:10     | Noticed an efreet
  2567 | D:10     | lol
  2567 | D:10     | Slain by an orc warrior

Vault maps used:
D:1:      roderic_crop_circles_arrival_small, serial_forest,
          infiniplex_forest_clump_small, infiniplex_forest_end_1,
          infiniplex_forest_clump_long, infiniplex_forest_corner_1,
          infiniplex_forest_lined_corner, infiniplex_forest_fountain
D:2:      lemuel_crystal_altar, serial_co_window_serial, co_window_paths_b,
          co_window_paths_a, co_window_corner_a, co_window_paths_a,
          co_window_paths_a, co_window_paths_a, co_window_corner_a,
          co_window_unsneaky_path_a, co_window_paths_c,
          co_window_unsneaky_path_a, co_window_broadway_c, co_window_broadway_b,
          co_window_2corner, glass_columns_a, glass_columns_b, glass_columns_a
D:3:      lemuel_crystal_altar, gammafunk_temple_overflow_statue, first_bread,
          lemuel_tele_altar
D:4:      serial_shops, shop, hangedman_abyss_or_decor_lesser_grid,
          fountainhead, uniq_crazy_yiuf_cottage
D:5:      led_sif_pool, uniq_grinder, uniq_edmund
D:6:      nicolae_ossuary_entry_monument
D:7:      sword_in_stone
D:8:      bloody_makhleb, lair_0_dummy
D:9:      lemuel_round_altar, serial_shops, kennysheep_mini_moat
D:10:     serial_shops, kennysheep_mini
D:11:     orc_0_dummy
Ossuary:  minmay_ossuary_gauntlet

Skill      XL: |  1  2  3  4  5  6  7  8 |
---------------+-------------------------+-----
Spellcasting   | 2 3 4 5 |  5.5
Summonings     | 4 5 6 7 8 9 |  9.3
Dodging        | |  1.7
Stealth        | |  1.7

Action                   |  1- 3 |  4- 6 |  7- 9 || total
-------------------------+-------+-------+-------++-------
Melee: Whip              |    16 |       |       ||    16
       Falchion          |    22 |       |       ||    22
       Dagger            |       |    55 |    17 ||    72
       Flail             |       |    11 |       ||    11
Throw: Tomahawk          |       |     3 |       ||     3
 Cast: Summon Small Mamm |    34 |     4 |     2 ||    40
       Call Canine Famil |     2 |    15 |    13 ||    30
       Summon Lightning  |       |    10 |    11 ||    21
Evoke: Wand              |       |     5 |     1 ||     6
  Use: Scroll            |     6 |    10 |     1 ||    17
       Potion            |     1 |     1 |     2 ||     4
 Stab: Sleeping          |     2 |       |       ||     2
       Distracted        |     1 |     1 |       ||     2
  Eat: Chunk             |       |     7 |     3 ||    10
       Beef jerky        |       |     2 |     1 ||     3
       Pizza             |       |     1 |       ||     1
Armor: Robe              |    14 |    18 |     8 ||    40
       Ring mail         |     1 |     7 |       ||     8
Dodge: Dodged            |    39 |    51 |    16 ||   106
